Map: Triton LE

Players

HellraiseR

  • Race: Protoss Protoss
  • Spawn Location: 5:00

Clem - Winner!

  • Race: Terran Terran
  • League: Master
  • Spawn Location: 11:00

Event: HomeStory Cup XX

VOD

Have the link to the VOD?

Description

Time

  • Played on: Nov. 22, 2019, 6:37 a.m.
  • Length: 6:24

All games in this series

Show
View Real Time Build Order
Export as new Build Order

HellraiseR Protoss 

Build Orders: 1 Gate Expand, Phoenix Opening, Blink Stalkers 

Get SALT Encoding   

  12  0:00  Probe  
  13  0:12  Probe  
  14  0:18  Pylon  
  14  0:23  Probe  
  15  0:32  Probe  
  15  0:39  Gateway  
  15  0:41  Probe  
  16  0:46  Assimilator  
  17  0:53  Probe  
  18  1:05  Probe  
  19  1:17  Probe  
  20  1:26  Cybernetics Core  
  20  1:35  Nexus  
  20  1:40  Pylon  
  20  1:43  Probe  
  21  1:49  Assimilator  
  21  1:51  Stalker  
  21  1:55  Probe  
  22  2:03  Warp Gate, Probe  
  25  2:12  Probe  
  25  2:22  Sentry, Probe  
  29  2:34  Probe  
  30  2:41  Twilight Council  
  30  2:45  Probe  
  30  2:46  Probe  
  32  2:53  Probe  
  32  2:55  Phoenix  
  32  2:58  Stalker, Probe, Gateway  
  34  3:02  Probe  
  37  3:07  Blink  
  37  3:10  Probe  
  37  3:11  Probe  
  38  3:13  Pylon  
  38  3:19  Probe  
  39  3:22  Probe  
  41  3:31  Probe, Gateway  
  42  3:34  Probe  
  43  3:42  Probe  
  43  3:46  Probe  
  45  3:49  Assimilator  
  45  3:50  Pylon, Probe, Robotics Facility  
  46  3:58  Probe x2  
  46  4:01  Stalker x2  
  52  4:06  Pylon  
  52  4:10  Probe x2  
  54  4:22  Probe  
  54  4:23  Nexus  
  55  4:27  Pylon, Probe  
  56  4:32  Stalker  
  56  4:35  Stalker  
  56  4:37  Observer  
  56  4:38  Probe  
  62  4:43  Forge  
  62  4:48  Probe  
  62  4:51  Probe  
  60  5:00  Probe  
  60  5:03  Probe  
  62  5:10  Gateway x2  
  62  5:12  Probe  
  63  5:15  Probe  
  64  5:24  Gateway  
  64  5:27  Observer, Probe  
  66  5:30  Gateway  
  66  5:33  Gateway  
  66  5:37  Probe  
  66  5:39  Probe  
  66  5:40  Probe  
  69  5:49  Stalker x2  
  74  5:56  Stalker  
  73  5:57  Probe  
  67  6:05  Probe  
  67  6:07  Stalker x2  
  67  6:08  Probe  
  69  6:15  Zealot x2  
Show
View Real Time Build Order
Export as new Build Order

Clem Terran - Winner!

Build Orders: Reaper Expand 

Get SALT Encoding   

  12  0:01  SCV  
  13  0:13  SCV  
  14  0:18  Supply Depot  
  14  0:25  SCV  
  15  0:39  SCV  
  15  0:40  Barracks  
  16  0:43  Refinery  
  16  0:51  SCV  
  17  1:03  SCV  
  18  1:15  SCV  
  19  1:28  Orbital Command, Reaper  
  20  1:43  Command Center  
  20  1:51  Supply Depot  
  20  1:54  SCV  
  20  2:00  Marine  
  22  2:06  SCV  
  23  2:10  Factory  
  23  2:18  SCV  
  23  2:20  Refinery  
  23  2:21  Barracks Reactor  
  24  2:31  SCV  
  25  2:43  SCV  
  26  2:55  Starport, Orbital Command, SCV  
  26  2:57  Widow Mine  
  29  2:58  Marine x2  
  31  3:07  SCV  
  32  3:12  Barracks  
  32  3:16  Marine x2  
  32  3:19  Widow Mine, SCV  
  37  3:22  SCV  
  38  3:27  Supply Depot  
  38  3:32  Medivac  
  38  3:33  SCV  
  41  3:35  SCV  
  41  3:38  Marine  
  41  3:41  Widow Mine  
  44  3:42  Marine  
  44  3:47  Barracks  
  45  3:50  SCV  
  45  3:52  SCV  
  47  3:55  Supply Depot  
  47  3:57  Marine  
  47  3:59  Marine  
  47  4:01  Barracks Tech Lab  
  47  4:02  SCV  
  50  4:05  Factory Tech Lab  
  50  4:06  Starport Reactor, SCV  
  51  4:12  Refinery  
  51  4:15  SCV  
  52  4:18  SCV  
  52  4:19  Supply Depot  
  52  4:20  Marine x2  
  52  4:24  Stimpack  
  55  4:27  Marauder  
  55  4:29  SCV  
  58  4:32  SCV  
  58  4:35  Factory Reactor  
  59  4:41  Marauder, Supply Depot, SCV  
  59  4:44  SCV  
  63  4:48  Marine, Marauder  
  66  4:53  SCV  
  66  4:56  SCV  
  64  5:03  Medivac x2, Supply Depot  
  64  5:05  Marine x2, SCV  
  71  5:10  Marauder  
  73  5:17  Widow Mine x2  
  73  5:19  SCV  
  78  5:21  Refinery  
  78  5:24  SCV  
  78  5:26  Supply Depot  
  78  5:27  Marine x2  
  81  5:30  Marauder  
  81  5:33  Marauder  
  85  5:38  Supply Depot, SCV  
  86  5:48  Widow Mine x2, Medivac, SCV  
  93  5:50  Marine  
  93  5:52  Marine  
  94  5:59  SCV  
  94  6:00  Marauder, Supply Depot, SCV  
  94  6:02  Marauder  
  102  6:21  Supply Depot, Command Center  
Tags
 
Add a new tag
Caveats
  • Supply blocks, unpowered buildings, or Contaminate may cause inaccurate times.
  • Supply counts are checked every 10 seconds.